AoeStats
← FkeVriX

Arena

509203446Analyzed
4v4 RM · 5d ago on Sep 25, 2026· 53m 59s· 8 players
Game mode
Random Map
Map size
Large (8 player)
Population
200
Speed
Normal
Resources
Standard
Victory
Conquest
Starting age
Dark Age
Ending age
Imperial Age
RankedLock teamsTeams togetherTeam positionsShared explorationLock speedFull tech treeHidden civsTurbo modeCheats
Victory
Defeat
🇨🇴 Sicilians · Colombia
1320
+13
🇦🇷 Varangians · Argentina
1290
+14
🇧🇪 Portuguese · Belgium
1158
+20
🇨🇦 Italians · Canada
1145
+20
🇩🇪 Poles · Germany
1276
-18
🇹🇷 Magyars · Türkiye
1248
-17
🇹🇷 Portuguese · Türkiye
1229
-16
🇬🇧 Danes · United Kingdom
1222
-16
bulger97
12:10 Feudal Age
16:48 Castle Age
15:19 Double-Bit Axe
15:16 Horse Collar
26:07 Imperial Age
24:21 Gold Mining
24:23 Stone Mining
25:57 Bow Saw
28:25 Wheelbarrow
28:25 Conscription
30:23 Chemistry
31:02 Hand Cart
32:42 Elite Organ Gun
33:25 Arquebus
35:16 Two-Man Saw
34:53 Stone Shaft Mining
34:40 Ballistics
37:58 Fortified Wall
44:12 Fletching
44:24 Padded Archer Armor
McLagan
10:13 Feudal Age
15:01 Castle Age
13:29 Double-Bit Axe
13:49 Horse Collar
16:05 Bow Saw
16:00 Heavy Plow
21:57 Gold Mining
24:45 Wheelbarrow
28:08 Imperial Age
26:10 Scale Mail Armor
26:21 Forging
27:03 Squires
26:48 Arson
27:20 Chain Mail Armor
28:05 Hand Cart
27:36 Loom
28:35 Gold Shaft Mining
27:54 Stone Mining
28:21 Town Watch
28:16 Capped Ram
29:59 Plate Mail Armor
30:31 Conscription
31:40 Iron Casting
30:55 Siege Ram
33:28 Blast Furnace
33:27 Masonry
33:22 Northmen's Fury
33:50 Onager
34:25 Hamask
35:27 Fletching
35:32 Elite Jomsviking
36:45 Heavy Scorpion
39:49 Ballistics
43:43 Siege Onager
44:46 Siege Engineers
46:48 Pikeman
47:14 Gambesons
47:38 Bodkin Arrow
47:35 Halberdier
Koenig d. Hunde
11:45 Feudal Age
12:10 Horse Collar
16:48 Castle Age
15:02 Double-Bit Axe
17:11 Stone Mining
17:41 Heavy Plow
19:16 Bow Saw
23:32 Wheelbarrow
24:19 Forging
25:16 Scale Barding Armor
25:31 Loom
25:32 Town Watch
26:03 Hand Cart
26:53 Chain Barding Armor
27:04 Gold Mining
30:31 Imperial Age
29:29 Iron Casting
28:44 Fletching
29:37 Bloodlines
29:27 Husbandry
30:11 Szlachta Privileges
30:39 Cavalier
32:21 Blast Furnace
32:16 Crop Rotation
32:20 Bodkin Arrow
33:59 Conscription
34:12 Bracer
35:48 Stone Shaft Mining
36:29 Light Cavalry
39:14 Winged Hussar
43:52 Lechitic Legacy
EarthquakE
10:53 Feudal Age
12:42 Loom
15:08 Castle Age
13:20 Gold Mining
13:22 Stone Mining
13:30 Horse Collar
14:05 Double-Bit Axe
16:23 Gold Mining
17:36 Loom
22:58 Bow Saw
23:48 Corvinian Army
24:57 Heavy Plow
27:53 Wheelbarrow
27:04 Town Watch
28:13 Scale Barding Armor
29:53 Gold Shaft Mining
29:43 Hand Cart
29:57 Town Patrol
33:17 Imperial Age
30:59 Fletching
31:09 Padded Archer Armor
32:23 Chain Barding Armor
32:45 Bodkin Arrow
33:42 Thumb Ring
33:47 Padded Archer Armor
34:17 Ballistics
34:25 Parthian Tactics
33:41 Heavy Cavalry Archer
35:49 Masonry
35:44 Bracer
36:00 Leather Archer Armor
35:58 Bloodlines
35:49 Husbandry
36:14 Recurve Bow
36:44 Conscription
38:20 Two-Man Saw
47:47 Crop Rotation
50:05 Pikeman
50:43 Arson
EigenVector
10:08 Feudal Age
14:01 Castle Age
12:36 Double-Bit Axe
14:17 Fletching
14:28 Padded Archer Armor
14:12 Horse Collar
22:01 Bow Saw
23:03 Gold Mining
23:57 Wheelbarrow
28:34 Imperial Age
26:23 Bodkin Arrow
26:29 Padded Archer Armor
27:35 Hand Cart
27:57 Ballistics
28:10 Leather Archer Armor
28:23 Loom
29:32 Bracer
30:44 Chemistry
30:48 Ring Archer Armor
31:31 Elite Genoese Crossbowman
33:45 Pirotechnia
34:52 Scale Mail Armor
34:59 Squires
35:10 Forging
38:02 Iron Casting
38:32 Chain Mail Armor
40:40 Plate Mail Armor
41:48 Blast Furnace
53:25 Murder Holes
noumha
7:22 Loom
9:59 Feudal Age
15:20 Castle Age
17:45 Double-Bit Axe
19:34 Horse Collar
27:50 Imperial Age
26:57 Fortified Wall
27:40 Man-at-Arms
28:06 Gambesons
28:36 Forging
28:26 Scale Mail Armor
28:18 Town Watch
28:25 Long Swordsman
29:49 Wheelbarrow
31:11 Conscription
31:00 Two-Handed Swordsman
32:30 Iron Casting
32:10 Chain Mail Armor
33:43 Champion
34:11 Arson
36:03 Chemistry
37:21 Blast Furnace
37:41 Arquebus
39:44 Hand Cart
50:25 Siege Engineers
LordofSun
5:16 Loom
10:47 Feudal Age
14:46 Castle Age
12:35 Double-Bit Axe
13:20 Horse Collar
15:51 Bow Saw
22:13 Wheelbarrow
23:48 Loom
24:18 Hand Cart
26:32 Loom
26:32 Town Watch
29:45 Imperial Age
28:11 Scale Barding Armor
28:16 Forging
27:58 Gambesons
28:15 Squires
28:01 Arson
28:17 Scale Mail Armor
28:08 Fletching
28:33 Town Patrol
28:37 Husbandry
28:47 Bloodlines
29:28 Chain Barding Armor
30:25 Iron Casting
30:15 Ballistics
29:55 Cavalier
30:27 Stone Mining
30:28 Gold Mining
30:33 Stone Mining
31:47 Two-Man Saw
30:53 Heavy Plow
30:45 Gothikon
31:46 Conscription
32:05 Plate Barding Armor
32:50 Blast Furnace
33:28 Chain Mail Armor
36:24 Chemistry
35:30 Siege Engineers
35:30 Bodkin Arrow
36:06 Plate Mail Armor
37:57 Bracer
39:07 Crop Rotation
38:51 Elite Varangian Guard
38:53 Light Cavalry
40:53 Onager
45:01 Padded Archer Armor
46:40 Hussar
48:19 Caravan
48:50 Coinage
FkeVriX
10:56 Feudal Age
11:39 Double-Bit Axe
12:37 Loom
14:15 Wheelbarrow
17:31 Castle Age
15:34 Horse Collar
16:11 Gold Mining
18:41 Bow Saw
18:25 Arson
18:41 Squires
18:42 Scale Mail Armor
20:32 Heavy Plow
22:31 Hand Cart
24:11 Stone Mining
25:52 Pikeman
30:17 Imperial Age
28:39 Chain Mail Armor
28:23 Town Watch
29:27 Gold Shaft Mining
29:36 First Crusade
29:30 Forging
29:19 Fletching
31:33 Iron Casting
30:57 Murder Holes
31:23 Ballistics
32:14 Plate Mail Armor
32:21 Husbandry
32:33 Bloodlines
32:07 Halberdier
32:11 Cavalier
32:28 Capped Ram
33:45 Conscription
34:32 Blast Furnace
33:38 Elite Serjeant
35:59 Caravan
35:34 Siege Ram
37:24 Chemistry
38:11 Bodkin Arrow
38:22 Scale Barding Armor
38:40 Elite Skirmisher
40:29 Hoardings
42:48 Hauberk
44:05 Siege Engineers
44:10 Masonry
44:22 Chain Barding Armor
44:17 Padded Archer Armor
45:40 Plate Barding Armor
Connection lost

Rejoining the realm…

Still unreachable

The connection could not be restored.

Session expired

The server has moved on; the page needs a fresh start.